 Dungeon Sprint DCSS version 0.32-a0-485-g70f7560b1c (webtiles) character file.

Game seed: 12618658860968887281

9 rocky1 the Chopper (level 2, 19/31 HPs)
             Began as an Oni Gladiator on Feb 26, 2024.
             Was an Initiate of Gozag.
             Quit the game in the Dungeon (Sprint VII: "The Pits").
             The game lasted 00:00:22 (85 turns).

rocky1 the Chopper (Oni Gladiator)                    Turns: 85, Time: 00:00:23

Health: 19/31      AC:  3    Str: 17    XL:     2   Next: 16%
Magic:  2/2        EV: 10    Int:  9    God:    Gozag
Gold:   189        SH:  0    Dex: 10    Spells: 1/1 levels left

rFire   . . .        a - +0 war axe
rCold   . . .        (no shield)
rNeg    . . .        b - +0 robe
rPois   .            c - +0 hat
rElec   .            (no cloak)
rCorr   .            (gloves unavailable)
SInv    .            (boots unavailable)
Will    .....        (no amulet)
Stlth   +            (no ring)
HPRegen 0.25/turn    (no ring)
MPRegen 0.08/turn

%: no teleportation
@: gold aura
A: large, unfitting armour, horns 1, tough skin 1, double potion healing,
drunken brawling
a: Renounce Religion, Potion Petition, Call Merchant, Bribe Branch


You were in the Dungeon.
You worshipped Gozag.
Gozag was aware of your devotion.
You visited 1 branch You collected 189 gold pieces.

Inventory:

Hand Weapons
 a - a +0 war axe (weapon)
Missiles
 d - 3 throwing nets (quivered)
 e - a large rock
Armour
 b - a +0 robe (worn)
 c - a +0 hat (worn)
Scrolls
 k - a scroll of blinking
 m - 2 scrolls of vulnerability
 n - 5 scrolls of amnesia
 o - a scroll of butterflies
Potions
 f - a potion of curing
 g - a potion of heal wounds
 h - a potion of haste
 i - 4 potions of magic
 j - 3 potions of berserk rage
 l - 2 potions of invisibility


   Skills:
 + Level 3.2 Fighting
 + Level 3.9 Axes
 + Level 2.3 Throwing
 + Level 3.6 Dodging


You had one spell level left.
You didn't know any spells.
Your spell library was empty.

Dungeon Overview and Level Annotations

Branches:
Dungeon (1/1)

Altars:
Ashenzari
Cheibriados
Dithmenos
Elyvilon
Fedhas
Gozag
Hepliaklqana
Kikubaaqudgha
Makhleb
Nemelex Xobeh
Okawaru
Qazlal
Ru
Sif Muna
Trog
Uskayaw
Vehumet
Wu Jian
Xom
Yredelemnul
Zin
The Shining One
Beogh
Jiyva
Lugonu


Innate Abilities, Weirdness & Mutations

You are too large for most types of armour.
You have a pair of small horns on your head.
You have tough skin. (AC +1)
You gain doubled healing and magic from potions.
Whenever you drink a healing potion, you attack all around you.


Message History

The ball python bites you.
You hit the ball python. You headbutt the ball python.
You kill the ball python!
Your Fighting skill increases to level 3!
You now have 108 gold pieces.
There is an open door here.
You open the door.
An adder skeleton and an orc come into view.
The orc shouts!
You barely miss the orc. The orc hits you with a +0 mace.
You hit the orc.
The orc is lightly wounded.
The orc closely misses you. The orc hits you with a +0 mace.
You completely miss the orc. You headbutt the orc.
The orc is moderately wounded.
The orc hits you but does no damage.
You barely miss the orc. Your headbutt misses the orc.
The orc is moderately wounded.
The orc hits you with a +0 mace.
You slash the orc!
You kill the orc!
The adder skeleton completely misses you.
You hit the adder skeleton.
The adder skeleton is lightly damaged.
The adder skeleton misses you.
You hit the adder skeleton.
The adder skeleton is heavily damaged.
The adder skeleton bites you but does no damage.
The adder skeleton bites you.
You slash the adder skeleton!
The adder skeleton is almost destroyed.
The adder skeleton barely misses you.
You slash the adder skeleton!
You destroy the adder skeleton!
You have reached level 2!
You now have 189 gold pieces (gained 81).
There is an open door here.
Things that are here:
a +0 mace; a +0 ring mail Are you sure you want to abandon this character and quit the game? (Confirm with "yes".)

#_______...###########
##########'##.........
#..(.')))'.##......#..
##########.##.........
#...........'.........
#+#####'#####......#..
#...#.# #.........
#...#.# ####'#####
#..@).# #.......#
##+#### #.......#
#.......# #...<...#
#.......# #.......#
#.......# #########


There were no monsters in sight!

Vanquished Creatures
  An adder skeleton (D)
  An orc (D)
  A ball python (D)
  A giant cockroach (D)
  A hobgoblin (D)
5 creatures vanquished.

Notes
Turn   | Place    | Note
-------+----------+-------------------------------------------
     0 | D        | rocky1 the Oni Gladiator began the quest for the Orb.
     0 | D        | Reached XP level 1. HP: 22/22 MP: 1/1
    40 | D        | Found a bloodstained altar of Trog.
    40 | D        | Found a shimmering blue altar of Sif Muna.
    40 | D        | Found a viscous altar of Jiyva.
    40 | D        | Found a hazy altar of Hepliaklqana.
    40 | D        | Found an opulent altar of Gozag.
    41 | D        | Found a glowing golden altar of the Shining One.
    41 | D        | Found a glowing silver altar of Zin.
    41 | D        | Found a basalt altar of Yredelemnul.
    41 | D        | Found a shimmering altar of Xom.
    41 | D        | Found an ornate altar of the Wu Jian Council.
    41 | D        | Found a sacrificial altar of Ru.
    41 | D        | Found a stormy altar of Qazlal.
    41 | D        | Found an iron altar of Okawaru.
    41 | D        | Found a sparkling altar of Nemelex Xobeh.
    41 | D        | Found a burning altar of Makhleb.
    41 | D        | Found a blossoming altar of Fedhas.
    41 | D        | Found a white marble altar of Elyvilon.
    41 | D        | Found a shadowy altar of Dithmenos.
    41 | D        | Found a snail-covered altar of Cheibriados.
    44 | D        | Found a corrupted altar of Lugonu.
    44 | D        | Found a radiant altar of Vehumet.
    44 | D        | Found a roughly hewn altar of Beogh.
    45 | D        | Found an ancient bone altar of Kikubaaqudgha.
    45 | D        | Found a hide-covered altar of Uskayaw.
    45 | D        | Found a broken altar of Ashenzari.
    48 | D        | Became a worshipper of Gozag Ym Sagoz the Greedy
    82 | D        | Reached XP level 2. HP: 18/31 MP: 2/2
    85 | D        | Quit the game

Illustrated notes

Levels and vault maps discovered:
D:        pitsprint [storerooms_1, entrance_room_1, metal_vault_6, armoury_1,
          mini_pit_1, grid_room_1, main_hall_1, silver_pit, the_coven_3,
          the_vestibule_1, steel_vault_1, golden_pit, hallway_of_sentries,
          crystal_vault_2, iron_vault_2, final_vault]

Skill      XL: |  1 |
---------------+----+-----
Dodging        | 3 |  3.6
Fighting       | 3 |  3.2
Axes           | |  3.9
Throwing       | |  2.3

Action                     || total
---------------------------++-------
  Melee: War axe           ||    16
         Headbutt          ||     3
 Armour: Robe              ||     9
  Dodge: Dodged            ||     8

Table legend: (Time is in decaauts)
 A = Elapsed time spent in this place.
 B = Non-inter-level travel time spent in this place.
 C = Inter-level travel time spent in this place.
 D = Time resting spent in this place.
 E = Time spent auto-exploring this place.
 F = Levels seen in this place.
 G = Mean time per level.
                   A        B        C        D        E       F      G
               +--------+--------+--------+--------+--------+-----+--------+
         Total |     90 |     90 |      0 |      0 |      0 |   1 |   90.0 |
       Dungeon |     90 |     90 |      0 |      0 |      0 |   1 |   90.0 |
               +--------+--------+--------+--------+--------+-----+--------+

Top non-repeatable levels by time:
       D: 90 daAuts
